 Dungeon Crawl Stone Soup version 0.24-a0-235-g3f03afc (webtiles) character file.

Game seed: 10288290940060122907

30 xeno23 the Sneak (level 3, -5/24 HPs)
             Began as an Octopode Assassin on Apr 6, 2019.
             Slain by a hobgoblin
             ... wielding a +0 club
              (6 damage)
             ... on level 2 of the Dungeon.
             The game lasted 00:02:48 (946 turns).

xeno23 the Sneak (Octopode Assassin)                 Turns: 946, Time: 00:02:49

Health: -5/24      AC:  1    Str: 10    XL:     3   Next: 18%
Magic:  3/3        EV:  7    Int: 13    God:
Gold:   43         SH:  0    Dex: 14    Spells: 2/2 levels left

rFire    x . .     SeeInvis .   a - +3 dagger
rCold    + . .     Gourm    .   (no shield)
rNeg     . . .     Faith    .   (helmet restricted)
rPois    .         Spirit   .   (no amulet)
rElec    .         Reflect  .   e - ring of ice
rCorr    .         Harm     .   (no ring)
MR       .....                  (no ring)
Stlth    ++++......             (no ring)
HPRegen  0.08/turn              (no ring)
MPRegen  0.08/turn              (no ring)
                                (no ring)
                                (no ring)

@: held
A: almost no armour, stealthy swim, amphibious, 8 rings, constrict 8, camouflage
1, gelatinous body 1
a: no special abilities


You were on level 2 of the Dungeon.
You were not hungry.

You visited 1 branch of the dungeon, and saw 2 of its levels.

You collected 43 gold pieces.

Inventory:

Hand Weapons
 a - a +3 dagger (weapon)
 s - a +0 blowgun
Missiles
 c - 8 poisoned needles
 d - 2 curare-tipped needles
Jewellery
 e - a ring of ice (left tentacle)
Wands
 p - a wand of disintegration (7)
Scrolls
 b - a scroll of immolation {unknown}
 g - a scroll of random uselessness {unknown}
 h - a scroll of enchant weapon {unknown}
 j - a scroll of identify {unknown}
 k - 2 scrolls of teleportation {unknown}
 n - a scroll of remove curse {unknown}
Potions
 i - a potion of heal wounds {unknown}
 l - a potion of curing {unknown}
 m - a potion of flight {unknown}
Comestibles
 f - 5 rations
 o - 2 chunks of flesh


   Skills:
 + Level 2.1 Fighting
 * Level 2.2 Short Blades
 + Level 2.0 Throwing
 - Level 1.0 Dodging
 * Level 6.5 Stealth


You had 2 spell levels left.
You didn't know any spells.
Your spell library was empty.

Dungeon Overview and Level Annotations

Branches:
Dungeon (2/15)

Altars:

Annotations:
D:2 Jessica


Innate Abilities, Weirdness & Mutations

You cannot wear most types of armour.
You are very stealthy in the water. (Stealth+)
You are amphibious.
You can wear up to eight rings at the same time.
You can use your tentacles to constrict eight enemies at once.
Your skin changes colour to match your surroundings (Stealth+).
Your rubbery body absorbs attacks. (AC +1, EV +1)


Message History

You constrict the hobgoblin.
The hobgoblin hits you but does no damage.
You release your grip on the hobgoblin.
You see here a quokka corpse.
The gnoll hits you from afar with a +0 spear.
* * * LOW HITPOINT WARNING * * *
You take 3 damage.
There is a stone staircase leading up here.
The gnoll throws a throwing net.
The throwing net barely misses you.
There is a stone staircase leading up here.
The hobgoblin barely misses you.
The gnoll throws a throwing net.
The throwing net hits you.
You become entangled in the net!
You stop ascending the stairs.
Okay, then.
Unknown command.
You struggle against the net.
The gnoll hits you from afar with a +0 spear.
* * * LOW HITPOINT WARNING * * *
The hobgoblin hits you with a +0 club.
You die...

#. #.## #..#
#..#### #....##
##.....## .......
##.......##.......
#.........#.......
#...(.....#......>
#...@.....#.......
#...g.............
#....g<...........
#........†........
#......†.........#
#......g..####...#
#........g# ...
#.........## ..
##.[..>..).# .


You could see 3 gnolls and a hobgoblin.

Vanquished Creatures
  3 bats (D:1)
  4 goblins (D:1)
  3 hobgoblins
  4 jackals (D:2)
  A quokka (D:2)
  3 frilled lizards
  6 kobolds (D:1)
  3 rats (D:1)
27 creatures vanquished.

Notes
Turn   | Place    | Note
-------+----------+-------------------------------------------
     0 | D:1      | xeno23 the Octopode Assassin began the quest for the Orb.
     0 | D:1      | Reached XP level 1. HP: 14/14 MP: 1/1
   100 | D:1      | Reached XP level 2. HP: 17/19 MP: 2/2
   133 | D:1      | Reached skill level 6 in Stealth
   803 | D:2      | Reached XP level 3. HP: 12/24 MP: 3/3
   813 | D:2      | Noticed Jessica
   946 | D:2      | HP: 1/24 [gnoll/+0 spear (6)]
   946 | D:2      | Slain by a hobgoblin

Levels and vault maps discovered:
D:1:      ncdulo_lavacross, layout_loops_ring, grunt_decor_arrowhead,
          minmay_misc_feat_roman, minmay_pentomino_q4
D:2:      layout_rooms, first_ration, uniq_jessica

Skill      XL: |  1  2 |
---------------+-------+-----
Stealth        | 6 |  6.5
Fighting       | |  2.1
Short Blades   | |  2.2
Throwing       | |  2.0
Dodging        | |  1.0

Action                   || total
-------------------------++-------
Melee: Dagger            ||    59
       Constrict         ||    14
       Tentacles         ||     9
 Stab: Sleeping          ||    10
Armor: Skin              ||     7
Dodge: Dodged            ||    39

Table legend:
 A = Non-vault XP
 B = Vault XP
 C = Vault XP percentage of total XP
 D = Non-vault monster count
 E = Vault monster count
 F = Vault count percentage of total count
                 A         B        C        D         E       F
            +---------+---------+-------+---------+---------+-------
      Total |      40 |       3 |   7.0 |      25 |       2 |   7.4
            +---------+---------+-------+---------+---------+-------
        D:1 |      27 |       3 |  10.0 |      18 |       2 |  10.0
        D:2 |      13 |       0 |   0.0 |       7 |       0 |   0.0
            +---------+---------+-------+---------+---------+-------
